 Dungeon Crawl Stone Soup version 0.30-a0-760-g5a9884bb7c (webtiles) character file.

Game seed: 11919484240295967377

57 theblackgale the Grave Robber (level 3, -5/26 HPs)
             Began as a Demonspawn Necromancer on Feb 10, 2023.
             Was a Believer of Sif Muna.
             Frozen to death by an endoplasm (6 damage)
             ... on level 4 of the Dungeon.
             The game lasted 00:14:15 (1046 turns).

theblackgale the Grave Robber (DsNe)                Turns: 1046, Time: 00:14:15

Health: -5/26      AC:  8    Str:  8      XL:     3   Next: 73%
Magic:  16/16      EV: 12    Int: 17 (18) God:    Sif Muna [**....]
Gold:   119        SH:  4    Dex: 11 (13) Spells: 6/7 levels left

rFire   + . .      SeeInvis .    (no weapon)
rCold   x . .      Faith    .    (no shield)
rNeg    . . .      Spirit   .    a - +0 robe
rPois   .          Reflect  .    (no helmet)
rElec   .          Harm     .    (no cloak)
rCorr   .          Rampage  .    (no gloves)
Will    .....                    (no boots)
Stlth   ++                       c - amulet of magic regeneration
HPRegen 0.24/turn                e - ring of magical power
MPRegen 0.55/turn                d - ring of fire

@: sanguine armoured
A: powered by pain 1, sanguine armour 1, large bone plates 1, robust 1
a: Renounce Religion, Channel Magic


You were on level 4 of the Dungeon.
You worshipped Sif Muna.
Sif Muna was pleased with you.
You visited 1 branch of the dungeon, and saw 4 of its levels.

You collected 119 gold pieces.

Inventory:

Armour
 a - a +0 robe (worn)
Jewellery
 c - an amulet of magic regeneration (around neck)
 d - a ring of fire (right hand)
 e - a ring of magical power (left hand)
Scrolls
 g - a scroll of summoning
Potions
 b - 4 potions of magic
 f - 2 potions of attraction


   Skills:
 + Level 0.2 Fighting
 + Level 1.8 Dodging
 + Level 1.8 Stealth
 + Level 0.4 Unarmed Combat
 + Level 2.6 Spellcasting
 + Level 5.3 Necromancy


You had 6 spell levels left.
You knew the following spells:

 Your Spells              Type           Power      Damage    Failure   Level
a - Necrotise             Necr           80%        1d8       1%          1

Your spell library contained the following spells:

 Spells                   Type           Power      Damage    Failure   Level
 Vampiric Draining        Necr           20%        2d7       6%          3
 Animate Dead             Necr           20%        N/A       21%         4
 Agony                    Necr           20%        N/A       50%         5


Dungeon Overview and Level Annotations

Branches:
Dungeon (4/15)
 Temple: D:4-7

Altars:
Makhleb
Sif Muna


Innate Abilities, Weirdness & Mutations

You sometimes gain a little power by taking damage.
When seriously injured, your blood forms armour. (AC +6)
You are partially covered in large bone plates. (SH +4)
You are robust. (+10% HP)


Message History

You barely miss the ufetubus.
The ufetubus is moderately wounded.
You block the ufetubus's attack. The ufetubus closely misses you.
The endoplasm closely misses your quokka skeleton.
Your quokka skeleton misses the ufetubus.
Your magical contamination has completely faded away.
You hit the ufetubus but do no damage.
The ufetubus is moderately wounded.
The ufetubus hits you but does no damage.
You block the ufetubus's attack.
The endoplasm hits your quokka skeleton.
Your quokka skeleton is destroyed!
The ufetubus closely misses you. The ufetubus misses you.
You hit the ufetubus but do no damage.
The ufetubus is moderately wounded.
Your blood armour dries and flakes away.
The ufetubus hits you.
Your blood congeals into armour.
The ufetubus hits you.
You miss the ufetubus.
The ufetubus is moderately wounded.
The ufetubus hits you but does no damage.
The ufetubus hits you. The endoplasm barely misses you.
You block the ufetubus's attack. The ufetubus hits you.
* * * LOW HITPOINT WARNING * * *
You hit the ufetubus.
The ufetubus is heavily wounded.
The ufetubus closely misses you. The ufetubus completely misses you.
The endoplasm freezes you.
You are frozen.
You feel a terrible chill!
* * * LOW HITPOINT WARNING * * *
You hit the endoplasm but do no damage.
You punch the endoplasm, but do no damage.
The ufetubus barely misses you. x2; You block the endoplasm's attack.
The ufetubus hits you but does no damage.
The ufetubus misses you.
You barely miss the endoplasm. The ufetubus hits you.
* * * LOW HITPOINT WARNING * * *
You block the ufetubus's attack. The endoplasm freezes you.
You are frozen.
You feel a terrible chill!
You die...

.. #. # #. #.
#. #.. #.##
##... ..####.#
......#5.....#
#.J@# ##.## #.
#. #. .. .. ##


You could see an ufetubus and an endoplasm.

Vanquished Creatures
  An adder (D:2)
  2 worms
  A dart slug (D:1)
  An orc (D:3)
  A ball python (D:2)
  3 bats
  4 endoplasms
  4 giant cockroaches
  3 goblins
  A hobgoblin (D:2)
  2 quokkas
  A frilled lizard (D:2)
  2 kobolds
  5 rats
31 creatures vanquished.

Vanquished Creatures (collateral kills)
  2 endoplasms
  A goblin (D:1)
  A frilled lizard (D:1)
  A rat (D:1)
5 creatures vanquished.

Grand Total: 36 creatures vanquished

Notes
Turn   | Place    | Note
-------+----------+-------------------------------------------
     0 | D:1      | theblackgale the Demonspawn Necromancer began the quest for
                  | the Orb.
     0 | D:1      | Reached XP level 1. HP: 13/13 MP: 3/3
    47 | D:1      | Gained mutation: You are robust. (+10% HP) [potion of
                  | mutation]
    47 | D:1      | Gained mutation: You are partially covered in large bone
                  | plates. (SH +4) [potion of mutation]
   222 | D:1      | Gained mutation: You sometimes gain a little power by
                  | taking damage. [demonic ancestry]
   222 | D:1      | Reached XP level 2. HP: 20/20 MP: 3/5
   293 | D:1      | Found a faded altar of an unknown god.
   306 | D:1      | Prayed at the altar of an unknown god.
   306 | D:1      | Became a worshipper of Sif Muna the Loreminder
   306 | D:1      | Reached * piety under Sif Muna
   367 | D:1      | Reached skill level 5 in Necromancy
   479 | D:2      | Gained mutation: When seriously injured, your blood forms
                  | armour. (AC +6) [demonic ancestry]
   479 | D:2      | Reached XP level 3. HP: 26/26 MP: 6/6
   734 | D:2      | Found a burning altar of Makhleb.
   993 | D:3      | Reached ** piety under Sif Muna
  1046 | D:4      | HP: 1/26 [ufetubus (4)]
  1046 | D:4      | Frozen to death by an endoplasm

Illustrated notes

Levels and vault maps discovered:
D:1:      shiori_arrival_elements, layout_rooms,
          chequers_ecumenical_altar_simple, chequers_serial_rivers_small_a
D:2:      layout_loops_ring, basic_altar, serial_co_window_serial,
          co_window_corner_a, co_window_corner_a, co_window_paths_a,
          co_window_paths_a, co_window_corner_a, co_window_2corner,
          co_window_of_opportunity_b, co_window_broadway_a, co_window_4corner_a,
          glass_columns_a, glass_columns_b, glass_columns_a, glass_columns_a
D:3:      minmay_general_purpose_star, layout_rooms,
          mainiacjoe_overflow_24_doors
D:4:      layout_loops_ring, nicolae_gozag_cash_rules_everything_around_me,
          gammafunk_ghost_smash, uniq_grinder

Skill      XL: |  1  2 |
---------------+-------+-----
Necromancy     | 5 |  5.3
Fighting       | |  0.2
Dodging        | |  1.8
Stealth        | |  1.8
Unarmed Combat | |  0.4
Spellcasting   | |  2.6

Action                     || total
---------------------------++-------
  Melee: Unarmed           ||    32
         Punch             ||     1
   Cast: Necrotise         ||    70
    Use: Potion            ||     8
         Scroll            ||     3
 Armour: Robe              ||    24
  Dodge: Dodged            ||    48
  Block: Other             ||    15

Table legend: (Time is in decaauts)
 A = Elapsed time spent in this place.
 B = Non-inter-level travel time spent in this place.
 C = Inter-level travel time spent in this place.
 D = Time resting spent in this place.
 E = Time spent auto-exploring this place.
 F = Levels seen in this place.
 G = Mean time per level.
                   A        B        C        D        E       F      G
               +--------+--------+--------+--------+--------+-----+--------+
         Total |   1057 |    258 |    799 |      0 |      5 |   4 |  264.2 |
       Dungeon |   1057 |    258 |    799 |      0 |      5 |   4 |  264.2 |
               +--------+--------+--------+--------+--------+-----+--------+

Top non-repeatable levels by time:
     D:2: 406 daAuts
     D:1: 391 daAuts
     D:3: 241 daAuts
     D:4: 17 daAuts
